 Dungeon Crawl Stone Soup version 0.14.0-15-g6b16f67 (webtiles) character file.

666 Broswagonist the Covered (level 7, -7/63 HPs)
             Began as a Hill Orc Fighter on Apr 18, 2014.
             Killed from afar by Ijyb (9 damage)
             ... with a wand of flame
             ... on Level 4 of the Dungeon.
             The game lasted 00:10:27 (2132 turns).

Broswagonist the Covered (Hill Orc Fighter)         Turns: 2132, Time: 00:10:27

HP  -7/63        AC 13     Str 19      XL: 7   Next: 28%
MP   7/7         EV  8     Int  8      God:
Gold 120         SH  0     Dex 12      Spells:  0 memorised,  6 levels left

rFire  . . .     SeeInvis .     E - +2 war axe (chop)
rCold  . . .     Clarity  +     i - +0 plate armour (curse)
rNeg   . . .     Conserve .     (no shield)
rPois  .         rCorr    .     (no helmet)
rElec  .         rRot     .     (no cloak)
SustAb . .       Spirit   .     (no gloves)
rMut   .         Warding  .     (no boots)
Saprov + . .     Stasis   .     B - amulet of clarity {unknown}
MR     .....                    (no ring)
                                x - +3 ring of evasion

@: not resistant to hostile enchantments, extremely unstealthy
A: saprovore 1
a: no special abilities


You were on level 4 of the Dungeon.
You were hungry.

You visited 1 branch of the dungeon, and saw 4 of its levels.

You collected 120 gold pieces.

Inventory:

Hand weapons
 a - a +0,+0 war axe
 e - a +0,+0 sling
 v - a +1,+1 sling
 D - a +0,+0 short sword of electrocution
 E - a +2,+2 war axe of chopping (weapon)
Missiles
 f - 40 arrows
 k - 15 bolts
 w - 14 stones (quivered)
Armour
 b - a +0 scale mail
 c - a +0 shield
 i - a cursed +0 plate armour (worn)
Magical devices
 j - a wand of confusion (15) {unknown}
Comestibles
 d - a meat ration
 l - 3 bread rations
 m - a sausage
 A - a pear
 C - a rotting chunk of quokka flesh
Scrolls
 o - 2 scrolls of remove curse {unknown}
 p - a scroll of teleportation {unknown}
 q - a scroll of random uselessness {unknown}
 r - 3 scrolls of recharging
 s - a scroll of immolation {unknown}
 y - a scroll of amnesia {unknown}
 z - a scroll of blinking {unknown}
Jewellery
 x - a +3 ring of evasion (left hand)
 B - an amulet of clarity (around neck) {unknown}
Potions
 g - a potion of agility
 h - a potion of curing
 n - a potion of magic
 t - a potion of restore abilities
 u - 2 potions of brilliance


   Skills:
 + Level 6.1 Fighting
 + Level 5.2 Axes
 * Level 6.6 Armour
   Level 3.2 Shields


You had 6 spell levels left.
You didn't know any spells.

Dungeon Overview and Level Annotations

Branches:
Dungeon (4/15)
 Temple: D:4-7

Altars:

Annotations:
D:3 Grinder
D:4 Ijyb


Innate Abilities, Weirdness & Mutations

You can tolerate rotten meat.


Message History

You slash the giant frog skeleton!
The giant frog skeleton hits you but does no damage. x2
You slash the giant frog skeleton!
You destroy the giant frog skeleton!
Items here: %% ))) [
Things that are here:
an orc corpse; a rat corpse You see here a goblin corpse.
You are feeling hungry.
Ijyb comes into view.
He is wielding a club.
Ijyb shouts!
Ijyb zaps a wand.
The puff of flame hits you!
* * * LOW HITPOINT WARNING * * *
Read which item? (? for menu, Esc to quit)
Okay, then.
Ijyb hits you but does no damage.
Ijyb zaps a wand.
The puff of flame hits you!
* * * LOW HITPOINT WARNING * * *
Ijyb zaps a wand.
The puff of flame hits you!
You die...

####.##.### #..#.#.... #.
#.# ####....#.#.. #. #.#
#.g.......### #.#
#.##..#####
.##.######.##..# #
........##.##..#
...........g.....#######
#.....####O##.##........>
........@.g...##...%.....
#.....#######.##..%<..###
... #.#######.# . #.# #.#
#.# #.# ..# #.# . #.# #.#
...


You could see Ijyb, an ogre and a hobgoblin.

Vanquished Creatures
  The ghost of hunterx7d the Slasher, an average FoAK of Lugonu (D:4)
  The ghost of Broswagonist the Skirmisher, an average HOFi (D:3)
  2 hounds (D:4)
  A giant frog skeleton (D:4)
  2 adders (D:2)
  2 giant mites (D:2)
  3 worms
  2 giant geckos
  6 orcs
  3 giant cockroaches (D:2)
  11 goblins
  5 hobgoblins
  5 quokkas
  4 bats
  7 giant newts
  5 jackals
  4 kobolds
  4 rats
  A rat skeleton (D:4)
  4 toadstools (D:1)
73 creatures vanquished.

Vanquished Creatures (others)
  3 toadstools (D:1)
3 creatures vanquished.

Grand Total: 76 creatures vanquished

Notes
Turn   | Place    | Note
--------------------------------------------------------------
     0 | D:1      | Broswagonist, the Hill Orc Fighter, began the quest for the Orb.
     0 | D:1      | Reached XP level 1. HP: 19/19 MP: 1/1
   157 | D:1      | Reached XP level 2. HP: 24/27 MP: 2/2
   574 | D:2      | Reached skill level 4 in Fighting
   705 | D:2      | Reached XP level 3. HP: 22/33 MP: 3/3
   804 | D:2      | Reached XP level 4. HP: 10/41 MP: 4/4
  1247 | D:3      | Noticed Broswagonist's ghost (average HOFi)
  1262 | D:3      | Killed Broswagonist's ghost
  1262 | D:3      | Reached skill level 5 in Fighting
  1262 | D:3      | Reached skill level 5 in Armour
  1262 | D:3      | Reached XP level 5. HP: 20/48 MP: 5/5
  1262 | D:3      | Reached XP level 6. HP: 23/56 MP: 6/6
  1298 | D:3      | Noticed Grinder
  1939 | D:4      | Noticed hunterx7d's ghost (average FoAK)
  1961 | D:4      | Killed hunterx7d's ghost
  1961 | D:4      | Reached skill level 5 in Axes
  1961 | D:4      | Reached skill level 6 in Armour
  1961 | D:4      | Reached XP level 7. HP: 11/62 MP: 7/7
  2026 | D:4      | HP: 3/62 [orc/flail (2)]
  2031 | D:4      | HP: 1/62 [orc/runed short sword (10)]
  2129 | D:4      | Noticed Ijyb
  2131 | D:4      | HP: 2/63 [Ijyb/wand of flame (9)]
  2132 | D:4      | Killed from afar by Ijyb

Action                   |  1- 3 |  4- 6 |  7- 9 || total
-------------------------+-------+-------+-------++-------
Melee: War axe           |    77 |   100 |    37 ||   214
 Fire: Sling             |       |     7 |       ||     7
Throw: Dart              |       |    14 |       ||    14
  Use: Potion            |       |     1 |     3 ||     4
       Scroll            |       |     4 |       ||     4
